AoeStats
← 星梦

African Clearing

505455711Analyzed
4v4 RM · 22d ago on Sep 9, 2026· 25m 48s· 8 players
Game mode
Random Map
Map size
Large (8 player)
Population
200
Speed
Normal
Resources
Standard
Victory
Conquest
Starting age
Dark Age
Ending age
Imperial Age
RankedLock teamsTeams togetherTeam positionsShared explorationLock speedFull tech treeHidden civsTurbo modeCheats
Victory
Defeat
🇨🇳 Maya · China
1504
+16
🇯🇵 Magyars · Japan
1503
+16
🇦🇷 Mapuche · Argentina
1476
+17
🇨🇳 Japanese · China
1302
+24
🇨🇳 Berbers · China
1563
-21
🇹🇼 Japanese · Taiwan
1486
-18
🇨🇳 Tupi · China
1473
-17
🇹🇼 Vietnamese · Taiwan
1472
-17
No_English
7:35 Loom
14:20 Feudal Age
18:43 Castle Age
17:07 Double-Bit Axe
18:37 Horse Collar
21:03 Bow Saw
25:36 Scale Mail Armor
远程OB总指挥
11:34 Loom
15:19 Feudal Age
16:36 Double-Bit Axe
24:22 Castle Age
22:19 Horse Collar
Bo Zhi Shang
2:47 Loom
11:41 Feudal Age
19:48 Forging
yclin124
13:39 Feudal Age
13:37 Loom
20:23 Castle Age
21:57 Wheelbarrow
24:36 Double-Bit Axe
桐原冬子
9:24 Loom
10:07 Loom
11:57 Feudal Age
11:03 Loom
23:39 Double-Bit Axe
26:00 Bloodlines
李清然
5:17 Loom
12:36 Feudal Age
16:27 Castle Age
14:45 Double-Bit Axe
15:45 Horse Collar
17:18 Bow Saw
18:25 Horse Collar
21:04 Fletching
23:04 Bodkin Arrow
25:09 Ballistics
woshinoob7
4:20 Loom
12:09 Feudal Age
12:15 Man-at-Arms
16:02 Arson
16:31 Town Watch
17:03 Double-Bit Axe
21:57 Castle Age
20:41 Gold Mining
21:24 Fletching
22:35 Wheelbarrow
24:09 Bow Saw
25:56 Horse Collar
星梦
10:28 Loom
13:27 Feudal Age
17:12 Castle Age
16:27 Double-Bit Axe
Connection lost

Rejoining the realm…

Still unreachable

The connection could not be restored.

Session expired

The server has moved on; the page needs a fresh start.